 Dungeon Crawl Stone Soup version 0.21.1-1-g345015f (webtiles) character file.

133 Kairos the Skirmisher (level 5, 0/42 HPs)
             Began as a Formicid Abyssal Knight on Mar 23, 2018.
             Was a Believer of Lugonu.
             Killed from afar by Ijyb (5 damage)
             ... with a wand of flame (22)
             ... on level 3 of the Dungeon.
             The game lasted 00:09:23 (2250 turns).

Kairos the Skirmisher (Formicid Abyssal Knight)     Turns: 2250, Time: 00:09:24

Health: 0/42       AC:  4    Str: 17    XL:     5   Next: 39%
Magic:  7/7        EV: 17    Int: 11    God:    Lugonu [**....]
Gold:   197        SH:  0    Dex: 16    Spells: 7/7 levels left

rFire    . . .     SeeInvis +   a - +1 spear
rCold    . . .     Gourm    .   (no shield)
rNeg     . . .     Faith    +   h - +0 leather armour {MR+}
rPois    .         Spirit   .   (helmet unavailable)
rElec    .         Reflect  .   j - +0 cloak
rCorr    .         Harm     .   (no gloves)
MR       +....                  (no boots)
Stlth    ++........             l - amulet of faith
HPRegen  0.14/turn              (no ring)
MPRegen  0.10/turn              (no ring)

@: agile
A: permanent stasis, dig shafts and tunnels, four strong arms, antennae 3
a: Dig, Shaft Self, Depart the Abyss, Bend Space, Renounce Religion


You were on level 3 of the Dungeon.
You worshipped Lugonu.
Lugonu was pleased with you.
You were hungry.

You visited 1 branch of the dungeon, and saw 3 of its levels.
You visited the Abyss 1 time.

You collected 197 gold pieces.

Inventory:

Hand Weapons
 a - a +1 spear (weapon)
Armour
 h - a +0 leather armour of magic resistance (worn)
 j - a +0 cloak (worn)
 m - a +0 scale mail
Jewellery
 l - an amulet of faith (around neck)
Scrolls
 b - a scroll of enchant armour {unknown}
 f - a scroll of amnesia {unknown}
 g - 2 scrolls of teleportation {unknown}
 i - 3 scrolls of identify {unknown}
 k - a scroll of blinking {unknown}
 q - a scroll of immolation {unknown}
 s - 2 scrolls of remove curse {unknown}
Books
 d - a book of the Sky

   Spells                             Type                      Level
   a - Summon Lightning Spire         Summoning/Air                4
   b - Silence                        Hexes/Air                    5
   c - Deflect Missiles               Charms/Air                   6
   d - Conjure Ball Lightning         Conjuration/Air              6
   e - Tornado                        Air                          9
 e - a book of the Tempests

   Spells                             Type                      Level
   a - Static Discharge               Conjuration/Air              3
   b - Lightning Bolt                 Conjuration/Air              5
   c - Ignition                       Fire                         8
   d - Tornado                        Air                          9
   e - Shatter                        Earth                        9
Comestibles
 c - 9 rations


   Skills:
 + Level 4.2 Fighting
 + Level 3.4 Polearms
 + Level 2.8 Armour
 + Level 1.4 Dodging
 + Level 0.4 Stealth
 * Level 1.5 Spellcasting
 + Level 2.2 Invocations


You had 7 spell levels left.
You didn't know any spells.

Dungeon Overview and Level Annotations

Branches:
Dungeon (3/15)

Altars:
Kikubaaqudgha
Nemelex Xobeh
Yredelemnul
The Shining One

Annotations:
D:3 Ijyb


Innate Abilities, Weirdness & Mutations

You cannot be hasted, slowed, berserked, paralysed or teleported.
You can dig through walls and to a lower floor.
Your four strong arms can wield two-handed weapons with a shield.
You have a pair of large antennae on your head. (SInv)


Message History

* * * LOW HITPOINT WARNING * * *
It was a potion of magic.
Magic courses through your body. Ijyb hits you but does no damage.
It was a potion of agility.
You feel agile all of a sudden. Ijyb screams, "I cut your head off!"
Ijyb completely misses you.
You hit Ijyb but do no damage.
Ijyb is moderately wounded.
Ijyb closely misses you.
You hit Ijyb.
Ijyb is moderately wounded.
Ijyb zaps a wand.
The puff of flame misses you.
You closely miss Ijyb.
Ijyb is moderately wounded.
Ijyb hits you but does no damage.
You hit Ijyb but do no damage.
Ijyb is moderately wounded.
Ijyb zaps a wand.
The puff of flame hits you!
You die...

...# # ..### ..# # ..#.# ..# #
..#.# #.#.# # ..#.# #.#.# # #.#.#
#.#.# # #.#.# ##########.#.# #
#.#.# #........#g#.# # #.#.#
#........#@#.# # ....#
#........#.#.# # #.###
#...######'#'######## # #.# #...#
#...........# # #.# #...#
#...........# # #.#####...#
#...........# #
..........#####...........# #
..............'...........#######
..........#####..................


You could see Ijyb.

Vanquished Creatures
  Jessica (D:1)
  An orc wizard (D:3)
  2 adders
  A worm (D:3)
  A dart slug (D:2)
  4 orcs (D:3)
  7 bats
  3 giant cockroaches
  8 goblins
  3 hobgoblins
  4 jackals (D:1)
  A quokka (D:2)
  2 ball pythons
  7 frilled lizards
  4 kobolds
  10 rats
59 creatures vanquished.

Notes
Turn   | Place    | Note
-------+----------+-------------------------------------------
     0 | Abyss:1  | Kairos the Formicid Abyssal Knight began the quest for the Orb.
     0 | Abyss:1  | Reached XP level 1. HP: 18/18 MP: 2/2
    36 | Abyss:1  | Found a corrupted altar of Lugonu.
    43 | Abyss:1  | Noticed a sixfirhy
    56 | Abyss:2  | Noticed a large abomination
    66 | Abyss:2  | Noticed a small abomination
    86 | Abyss:3  | Noticed a quasit
   104 | Abyss:3  | Noticed a large abomination
   105 | D:1      | Escaped the Abyss
   356 | D:1      | Reached * piety under Lugonu
   425 | D:1      | Reached XP level 2. HP: 25/25 MP: 3/3
   602 | D:1      | Reached skill level 1 in Dodging
   831 | D:2      | Reached XP level 3. HP: 23/30 MP: 4/4
   901 | D:2      | Reached skill level 4 in Fighting
   930 | D:2      | Noticed Jessica
   997 | D:1      | Killed Jessica
   997 | D:1      | Reached XP level 4. HP: 22/37 MP: 5/5
  1208 | D:2      | Reached ** piety under Lugonu
  1251 | D:2      | Reached skill level 1 in Spellcasting
  1362 | D:2      | Found an ancient bone altar of Kikubaaqudgha.
  1418 | D:2      | Found a sparkling altar of Nemelex Xobeh.
  1646 | D:3      | Reached XP level 5. HP: 2/42 MP: 5/7
  2088 | D:3      | Found a glowing golden altar of the Shining One.
  2093 | D:3      | Found a basalt altar of Yredelemnul.
  2095 | D:3      | Noticed a profane servitor
  2229 | D:3      | Noticed Ijyb
  2243 | D:3      | HP: 2/42 [Ijyb (2)]
  2250 | D:3      | Killed from afar by Ijyb

Skill      XL: |  1  2  3  4 |
---------------+-------------+-----
Dodging        | 1 |  1.4
Fighting       | 4 |  4.2
Polearms       | 3 |  3.4
Spellcasting   | 1 |  1.5
Armour         | |  2.8
Stealth        | |  0.4
Invocations    | |  2.2

Action                   |  1- 3 |  4- 6 || total
-------------------------+-------+-------++-------
Melee: Spear             |    95 |   129 ||   224
Invok: Depart the Abyss  |     1 |       ||     1
 Abil: Dig               |       |     2 ||     2
  Use: Potion            |     4 |     5 ||     9
  Eat: Chunk             |       |     4 ||     4
Armor: Leather armour    |    23 |    19 ||    42
Dodge: Dodged            |    37 |    44 ||    81
